 Dungeon Crawl Stone Soup version 0.31-a0-152-g6aa68a64a1 (webtiles) character file.

Game seed: 2571786561141164755

139 qw the Shooter (level 5, -6/32 HPs)
             Began as a Gargoyle Hunter on June 10, 2023.
             Mangled by a mummy (8 damage)
             ... in an ossuary.
             The game lasted 00:00:57 (2654 turns).

qw the Shooter (Gargoyle Hunter)                    Turns: 2654, Time: 00:00:57

Health: -6/32      AC: 11    Str: 15    XL:     5   Next: 22%
Magic:  5/5        EV: 11    Int:  9    God:
Gold:   239        SH:  0    Dex: 15    Spells: 4/4 levels left

rFire   . . .        Y - +0 shortbow
rCold   . . .        (shield currently unavailable)
rNeg    + . .        d - +0 ring mail
rPois   inf          (no helmet)
rElec   +            i - +0 cloak
rCorr   .            (no gloves)
SInv    .            a - +0 pair of boots
Will    +....        (no amulet)
Stlth   +            b - ring of willpower
HPRegen 0.25/turn    (no ring)
MPRegen 0.09/turn

%: no passive effects
@: no status effects
A: sickness immunity, AC +4, negative energy resistance 1, electricity
resistance, torment resistance 1, petrification resistance
a: no special abilities


You were in an ossuary.
You visited 1 branch of the dungeon, and saw 4 of its levels.
You also visited: Ossuary.

You collected 239 gold pieces.


Innate Abilities, Weirdness & Mutations

You are immune to sickness and miasma.
Your stone body is resilient. (AC +4)
You are immune to poison.
You resist negative energy. (rN+)
You are resistant to electric shocks. (rElec)
You are resistant to unholy torment.
You are immune to petrification.


   Skills:
 - Level 3.1 Fighting
 + Level 5.8 Ranged Weapons
 - Level 1.1 Armour
 - Level 1.5 Dodging
 - Level 1.1 Stealth


You had 4 spell levels left.
You didn't know any spells.
Your spell library was empty.

Inventory:

Hand Weapons
 Y - a +0 shortbow (weapon)
Armour
 a - a +0 pair of boots (worn)
 d - a +0 ring mail (worn)
 i - a +0 cloak (worn)
Jewellery
 b - a ring of willpower (left hand)
Potions
 c - a potion of curing {unknown}
 e - a potion of berserk rage {unknown}
 f - a potion of mutation {unknown}
 h - a potion of might {unknown}
 j - a potion of brilliance {unknown}
 l - a potion of degeneration {unknown}

Dungeon Overview and Level Annotations

Branches:
Dungeon (4/15)            Ossuary (1/1)
 Temple: D:4-7

Altars:
Makhleb


Message History

The rat zombie misses you.
The human zombie hits you but does no damage.
The hobgoblin zombie hits you but does no damage.
The goblin zombie closely misses you. The mummy barely misses you.
The rat zombie bites you but does no damage.
You shoot an arrow. The arrow hits the human zombie.
The human zombie is severely damaged.
The rat zombie bites you. The human zombie closely misses you.
The hobgoblin zombie misses you. The goblin zombie barely misses you.
The rat zombie closely misses you. The mummy closely misses you.
You shoot an arrow.
The arrow completely misses the human zombie.
The rat zombie bites you.
The human zombie hits you but does no damage.
The hobgoblin zombie misses you.
The goblin zombie hits you but does no damage.
The rat zombie misses you.
You shoot an arrow.
The arrow closely misses the human zombie.
The rat zombie barely misses you. The human zombie hits you.
The mummy hits you but does no damage.
The hobgoblin zombie closely misses you.
The goblin zombie hits you but does no damage.
The rat zombie closely misses you.
You shoot an arrow.
The arrow barely misses the human zombie.
The rat zombie barely misses you.
The human zombie hits you but does no damage.
The hobgoblin zombie misses you. The goblin zombie misses you.
The mummy closely misses you.
You shoot an arrow. The arrow hits the human zombie!
The human zombie is almost destroyed.
The rat zombie barely misses you. x2; The human zombie closely misses you.
The hobgoblin zombie closely misses you.
The goblin zombie hits you but does no damage.
The rat zombie closely misses you.
You shoot an arrow.
The arrow closely misses the human zombie.
The rat zombie barely misses you. The mummy hits you!
You die...

....... .......
......... ....
.................. ....
##...............# .....
##...............##.....
. ......................
. ......................
. .............ZZ....#
......Z......Z@...#
.....ZZ\\....MZZ..#
......Z...........#
.........Z.........#
.....................
...............##.....
...............# ..... .
................ .....
.................


You could see a mummy, an adder zombie, 2 rat zombies, a goblin zombie, a
hobgoblin zombie and a human zombie.

Vanquished Creatures
  A crimson imp (D:4)
  2 hound zombies (Ossuary)
  2 adders
  A white imp (D:4)
  A worm (D:2)
  2 orcs
  2 bats
  An endoplasm (D:1)
  8 giant cockroaches
  3 goblins
  5 hobgoblins
  3 jackals (D:2)
  2 kobolds
  2 quokkas (D:2)
  5 ball pythons
  3 frilled lizards (D:1)
  5 rats
48 creatures vanquished.

Notes
Turn   | Place    | Note
-------+----------+-------------------------------------------
     0 | D:1      | qw the Gargoyle Hunter began the quest for the Orb.
     0 | D:1      | Reached XP level 1. HP: 12/12 MP: 1/1
     0 | D:1      | 0 ||| qw: Version: 0.2-a-123-gb51047a
     0 | D:1      | 0 ||| qw: Game counter: 3714
     0 | D:1      | 0 ||| qw: Always use a shield: true
     0 | D:1      | 0 ||| qw: God list: Okawaru
     0 | D:1      | 0 ||| qw: Allow faded altars: false
     0 | D:1      | 0 ||| qw: Do Orc after D:15 true
     0 | D:1      | 0 ||| qw: Do second Lair branch before Depths: true
     0 | D:1      | 0 ||| qw: Lair rune preference: random
     0 | D:1      | 0 ||| qw: Plans: Normal, Zot:1-4, Slime:5, God:TSO, Crypt,
                  | Tomb, Abyss, Pan, Hells, Win
     0 | D:1      | 0 ||| PLANNING D:1-11
   230 | D:1      | Reached XP level 2. HP: 17/17 MP: 2/2
   825 | D:1      | 825 ||| UPGRADING to +0 ring mail.
   835 | D:1      | 835 ||| DROPPING +0 leather armour.
   836 | D:1      | 836 ||| DROPPING scroll of butterflies.
   867 | D:2      | Reached skill level 1 in Armour
   867 | D:2      | Reached XP level 3. HP: 21/21 MP: 3/3
  1019 | D:2      | Identified the +5 mace "Itran" {heavy, Will+}
  1021 | D:2      | Reached skill level 5 in Ranged Weapons
  1548 | D:2      | 1548 ||| UPGRADING to +0 cloak.
  1553 | D:2      | 1553 ||| UPGRADING to ring of willpower.
  1554 | D:2      | 1554 ||| READING scroll labelled VEDIK DELAIME.
  1555 | D:2      | 1555 ||| READING 2 scrolls labelled JUSE KOIT SYZ.
  1559 | D:2      | 1559 ||| DRINKING 2 blue potions.
  1560 | D:2      | 1560 ||| DROPPING potion of enlightenment.
  1593 | D:3      | Found a burning altar of Makhleb.
  1724 | D:3      | Reached skill level 3 in Fighting
  1724 | D:3      | Reached XP level 4. HP: 25/28 MP: 4/4
  2313 | D:3      | 2313 ||| UPGRADING to +0 pair of boots.
  2318 | D:3      | 2318 ||| READING scroll labelled LUYFFIM KUNOTE.
  2353 | D:4      | 2353 ||| PLANNING OSSUARY
  2502 | D:4      | 2502 ||| FLEEEEING.
  2503 | D:4      | 2503 ||| FLEEEEING.
  2504 | D:4      | 2504 ||| FLEEEEING.
  2505 | D:4      | 2505 ||| FLEEEEING.
  2506 | D:4      | 2506 ||| FLEEEEING.
  2507 | D:4      | 2507 ||| FLEEEEING.
  2508 | D:4      | 2508 ||| FLEEEEING.
  2509 | D:4      | 2509 ||| FLEEEEING.
  2510 | D:4      | 2510 ||| STAIRDANCE
  2534 | D:3      | 2534 ||| READING scroll labelled NEWOFALIRGH.
  2595 | D:4      | Found a sand-covered staircase.
  2601 | Ossuary  | Entered an ossuary
  2616 | Ossuary  | HP: 7/28 [gnoll zombie (2)]
  2617 | Ossuary  | 2617 ||| READING 3 scrolls of teleportation.
  2619 | Ossuary  | Reached XP level 5. HP: 8/32 MP: 5/5
  2620 | Ossuary  | HP: 3/32 [adder zombie (1)]
  2622 | Ossuary  | 2622 ||| READING 2 scrolls of teleportation.
  2625 | Ossuary  | 2625 ||| FLEEEEING.
  2630 | Ossuary  | 2630 ||| READING scroll of teleportation.
  2640 | Ossuary  | HP: 8/32 [rat zombie (1)]
  2645 | Ossuary  | HP: 6/32 [human zombie (2)]
  2650 | Ossuary  | HP: 5/32 [rat zombie (2)]
  2651 | Ossuary  | HP: 1/32 [human zombie (4)]
  2654 | Ossuary  | Mangled by a mummy

Levels and vault maps discovered:
D:1:      dpeg_arrival_orchard, layout_basic
D:2:      layout_basic, grunt_decor_fettered
D:3:      layout_basic, mainiacjoe_overflow_catwalk, minmay_door_square,
          kennysheep_minor_cross, minmay_misc_feat_room
D:4:      layout_basic, ebering_ghost_rock_garden,
          lightli_ossuary_entry_decrepit_ruins, ebering_dispersal_statue_hall,
          minmay_fire_ice_demons, uniq_natasha, uniq_ijyb
Ossuary:  ossuary_minmay_tomb_2a

Skill      XL: |  1  2  3 |
---------------+----------+-----
Armour         | 1 |  1.1
Ranged Weapons | 5 |  5.8
Fighting       | 3 |  3.1
Dodging        | |  1.5
Stealth        | |  1.1

Action                     |  1- 3 |  4- 6 || total
---------------------------+-------+-------++-------
   Fire: Shortbow          |   131 |    88 ||   219
    Use: Scroll            |     2 |     5 ||     7
         Potion            |     1 |       ||     1
 Armour: Leather armour    |    14 |       ||    14
         Ring mail         |    17 |   108 ||   125
  Dodge: Dodged            |    32 |   128 ||   160

Table legend:
 A = Non-vault XP
 B = Vault XP
 C = Vault XP percentage of total XP
 D = Non-vault monster count
 E = Vault monster count
 F = Vault count percentage of total count
                 A         B        C        D         E       F
            +---------+---------+-------+---------+---------+-------
      Total |     101 |      98 |  49.2 |      44 |       4 |   8.3
            +---------+---------+-------+---------+---------+-------
        D:1 |      33 |       0 |   0.0 |      21 |       0 |   0.0
        D:2 |      38 |       0 |   0.0 |      13 |       0 |   0.0
        D:3 |      27 |       0 |   0.0 |       9 |       0 |   0.0
        D:4 |       3 |      58 |  95.1 |       1 |       2 |  66.7
    Ossuary |       0 |      40 | 100.0 |       0 |       2 | 100.0
            +---------+---------+-------+---------+---------+-------
